 Dungeon Crawl Stone Soup version 0.14-a0-226-gcf818b1 (webtiles) character file.

106279 Chiseanne the Protected (level 16, -4/90 HPs)
             Began as a Gargoyle Gladiator on Oct 10, 2013.
             Was a High Priest of Okawaru.
             Slain by Mennas
             ... wielding a +1,+1 blessed falchion of holy wrath
              (8 damage)
             ... on Level 5 of the Swamp.
             The game lasted 03:20:14 (37897 turns).

Chiseanne the Protected (Gargoyle Gladiator)       Turns: 37897, Time: 03:20:14

HP  -4/90        AC 36     Str 34      XL: 16   Next: 42%
MP  28/28        EV 18     Int 13      God: Okawaru [*****.]
Gold 645         SH  0     Dex 13      Spells:  0 memorised, 15 levels left

Res.Fire  : + . .   See Invis. : +   a - +8,+5 glaive of Phuovadgh {freeze, rF+ Str+4}
Res.Cold  : + + .   Warding    : .   U - +3 ring mail of Surprise {god gift, Str+5 Int+3}
Life Prot.: + + .   Conserve   : .   (no shield)
Res.Poison: +       Res.Corr.  : .   n - +2 helmet {SInv}
Res.Elec. : +       Clarity    : .   c - +2 cloak of Ennacru {god gift, SInv}
Sust.Abil.: . .     Spirit.Shd : .   A - +2 pair of gauntlets
Res.Mut.  : .       Stasis     : .   b - +2 pair of boots of the Loofah {Dex+1}
Res.Rott. : +       Flight     : +   t - amulet of faith
Saprovore : . . .                    y - ring of protection from cold
                                     o - ring of positive energy

@: exhausted, flying, studying Armour, very slightly contaminated, hasted and
slowed, glowing, somewhat resistant to hostile enchantments, extremely
unstealthy
A: large and strong wings, claws 1, fangs 1, talons 2, cold resistance 1, -10%
hp, life protection 1, electricity resistance, slow metabolism 1, unbreathing,
petrification resistance, AC +11, Dex +2
a: Stop Flying


You were on level 5 of the Swamp.
You worshipped Okawaru.
Okawaru was extremely pleased with you.
You were not hungry.

You visited 5 branches of the dungeon, and saw 30 of its levels.
You also visited: Sewer, Bailey and Ice Cave.

You collected 3262 gold pieces.
You spent 2637 gold pieces at shops.

Inventory:

Hand weapons
 a - the +8,+5 glaive of Phuovadgh (weapon) {freeze, rF+ Str+4}
   (You found it on level 7 of the Lair of Beasts)

   It has been specially enchanted to freeze those struck by it, causing extra
   injury to most foes and up to double damage against particularly susceptible
   opponents.
   It can also slow down cold-blooded creatures.
   It affects your strength (+4).
   It protects you from fire.
 s - the +6,+10 quarterstaff of Misery {antimagic, rN+ Int+4}
   (You found it on level 8 of the Dungeon)

   It disrupts the flow of magical energy around spellcasters and certain
   magical creatures (including the wielder).
   It affects your intelligence (+4).
   It protects you from negative energy.
 G - a +1 blowgun
Missiles
 m - 10 poisoned needles
 q - 2 needles of sleeping
 r - 2 javelins of returning (quivered)
 J - 7 javelins
Armour
 b - the +2 pair of boots of the Loofah (worn) {Dex+1}
   (You bought it in a shop on level 10 of the Dungeon)

   It affects your dexterity (+1).
 c - the +2 cloak of Ennacru (worn) {god gift, SInv}
   (Okawaru gifted it to you on level 10 of the Dungeon)

   It enhances your eyesight.
 k - a +0 swamp dragon hide
 n - a +2 helmet of see invisible (worn)
 A - a +2 pair of gauntlets (worn)
 U - the +3 ring mail of Surprise (worn) {god gift, Str+5 Int+3}
   (Okawaru gifted it to you on level 3 of the Lair of Beasts)

   It affects your strength (+5).
   It affects your intelligence (+3).
Magical devices
 p - a wand of disintegration (1)
 u - a wand of hasting (2)
 H - a wand of teleportation (3)
 I - a wand of hasting (1)
 V - a wand of digging (7)
Comestibles
 j - 11 sultanas
 l - a bread ration
 x - 6 chokos
 z - 4 apricots
 B - 8 meat rations
Scrolls
 d - 2 scrolls of magic mapping
 g - a scroll of identify
 h - 10 scrolls of teleportation
 w - a scroll of fear
 C - a scroll of enchant weapon II
 E - 2 scrolls of immolation
 K - 4 scrolls of remove curse
 P - 2 scrolls of enchant weapon I
 R - 5 scrolls of fog
Jewellery
 e - an uncursed ring of protection from magic {unknown}
 i - an uncursed amulet of warding
 o - a ring of positive energy (left hand)
 t - an amulet of faith (around neck)
 y - a ring of protection from cold (right hand)
 D - an uncursed ring of fire {unknown}
 L - an uncursed ring of protection from fire
 N - an uncursed amulet of resist corrosion
Potions
 M - 3 potions of resistance
 O - 2 potions of restore abilities
 S - 2 potions of curing
Books
 f - a manual of Armour


   Skills:
 * Level 13.2 Fighting
   Level 5.3 Maces & Flails
 - Level 12.0 Polearms
 - Level 12.0 Staves
 - Level 3.2 Throwing
 * Level 13.4 Armour
 * Level 13.2 Dodging
   Level 6.0 Shields
 * Level 9.7 Invocations


You had 15 spell levels left.
You didn't know any spells.

Dungeon Overview and Level Annotations

Branches:
Dungeon (12/27)            Temple (1/1) D:6             Orc (4/4) D:7
    Elf (0/3) Orc:3          Lair (8/8) D:12          Swamp (5/5) Lair:5
 Spider (0/5) Lair:4        Slime (0/6) Lair:6

Altars:
Ashenzari
Cheibriados
Elyvilon
Fedhas
Kikubaaqudgha
Makhleb
Nemelex Xobeh
Okawaru
Sif Muna
Trog
Vehumet
Xom
Yredelemnul
Zin
the Shining One
Beogh

Shops:
D:6 ?   D:10 [+!   Orc:1 (   Orc:4 (+*[[

Portals:
Trove: D:11 (show abyssal rune of Zot)

Annotations:
Swamp:5 Mennas


Innate Abilities, Weirdness & Mutations

You are resistant to torment.
You are immune to poison.
You can fly continuously.
Your stone body is very resilient (AC +11).
Your wings are large and strong.
You have very sharp teeth.
You have razor-sharp toenails.
You resist negative energy.
You are resistant to electric shocks.
You have a slow metabolism.
You can survive without breathing.
You are immune to petrification.
You have sharp fingernails.
You are agile. (Dex +2)
Your flesh is cold resistant.
You are frail (-10% HP).


Message History

Mennas hits you with a blessed falchion of holy wrath.
* * * LOW HITPOINT WARNING * * *
Mennas hits you but does no damage.
Evoke which item? (* to show all) (? for menu, Esc to quit)
Zapping:
u - a wand of hasting
Press: ? - help, Shift-Dir - straight line, f - you You feel yourself speed up.
You are very lightly contaminated with residual magic.
Mennas hits you but does no damage.
Mennas hits you with a blessed falchion of holy wrath.
* * * LOW HITPOINT WARNING * * *
Mennas hits you but does no damage. Mennas barely misses you.
Mennas hits you with a blessed falchion of holy wrath!
* * * LOW HITPOINT WARNING * * *
Mennas hits you but does no damage. Mennas barely misses you.
Mennas hits you but does no damage. Mennas hits you but does no damage.
Mennas hits you with a blessed falchion of holy wrath!
You die...

♣.≈≈.≈.≈≈≈.♣♣≈..♣♣..≈.≈
.≈≈≈≈≈♣.≈≈≈≈.♣...≈≈≈≈≈≈≈
.≈≈≈≈≈≈.♣♣≈≈≈≈≈≈≈≈≈≈≈≈.≈≈≈
≈≈.≈.≈.♣♣≈≈≈≈≈.≈≈≈≈≈≈.♣♣♣ ≈.
.♣≈≈♣♣♣♣≈≈≈≈≈.<≈.♣♣♣≈≈♣ ..≈≈ ♣♣♣
♣♣..≈≈≈§≈♣♣♣♣♣♣♣♣ ...§≈
♣♣≈§≈≈≈≈≈♣♣≈≈≈≈♣
...≈≈≈.♣♣♣♣♣♣♣♣♣♣.≈≈≈≈≈≈♣≈≈≈≈≈.
≈....≈≈.♣≈..≈≈A@≈.%≈.§≈≈..≈≈≈≈≈≈
≈≈≈...≈♣..≈≈≈.≈≈≈...♣♣.≈≈≈≈..≈≈≈
≈≈≈≈.≈?♣♣.≈§≈≈.≈..≈♣♣♣.≈≈§.≈≈§§≈
♣.≈≈≈..≈.♣..≈♣♣≈.≈≈≈♣♣♣≈≈≈≈≈≈≈≈≈≈
♣...≈≈♣♣♣♣.≈≈♣♣♣≈§.≈≈≈≈.≈.≈
♣..♣♣♣♣ ♣♣....≈♣♣♣.≈≈≈.♣♣♣ ≈≈≈..♣
♣♣....♣♣♣♣.≈§.♣♣♣ ≈≈≈≈.≈≈%
♣♣..≈≈≈.♣≈≈≈≈≈≈.≈♣ ≈≈≈≈≈≈≈≈≈
.≈≈≈≈≈≈≈≈.≈≈≈≈≈≈≈≈≈


You could see Mennas.

Vanquished Creatures
  Saint Roka (Orc:4)
  Sojobo (Swamp:5)
  Kirke (Swamp:3)
  A tengu reaver (Swamp:4)
  Aizul (Swamp:3)
  The ghost of 4tharraofdagon the Fighter, a powerful OgHu of Cheibriados (Lair:7)
  Fannar (Lair:2)
  3 sirens (Swamp:2)
  Josephine (Orc:2)
  8 hydras
  Erica (D:11)
  9 alligators
  The ghost of timbw the Carver, an experienced MiBe of Trog (D:10)
  3 death yaks
  An orc high priest (Orc:4)
  Nergalle (Orc:4)
  A draconian (D:10)
  A deep troll (Orc:4)
  Erolcha (Orc:1)
  An unseen horror (D:12)
  3 hill giants (D:10)
  3 ice statues (IceCv)
  4 swamp dragons
  A giant amoeba (Swamp:5)
  3 orc sorcerers
  6 orc knights
  2 cyclopes
  A necromancer (IceCv)
  2 red wasps
  An oklob plant (Lair:8)
  2 black mambas
  2 griffons
  A spiny worm (Lair:8)
  Maurice (D:10)
  20 slime creatures
  15 spiny frogs
  A spriggan druid (Lair:8)
  2 fire drakes
  A giant firefly (Lair:8)
  6 trolls
  8 blue devils
  10 komodo dragons
  A two-headed ogre (D:9)
  A raven (Swamp:2)
  7 spriggans (Lair:8)
  3 giant leeches
  A boulder beetle (Lair:7)
  3 blink frogs (Lair:5)
  6 baby alligators
  3 grizzly bears
  9 bog bodies
  The ghost of Malachi the Cudgeler, an average TrBe of Trog (D:3)
  2 basilisks
  4 trapdoor spiders (Lair:4)
  A griffon skeleton (D:12)
  A vampire (D:10)
  A shark (D:10)
  7 yaks
  Eustachio (Orc:1)
  An elephant slug (Lair:8)
  A merfolk (D:10)
  3 air elementals (Swamp:4)
  4 hogs (Swamp:3)
  Grum (D:10)
  2 wyverns
  A deep elf fighter (D:10)
  A steam dragon (Lair:2)
  12 hippogriffs
  11 vampire mosquitoes
  A manticore (D:11)
  40 swamp worms
  A hill giant skeleton (D:8)
  7 porcupines
  25 wolves
  5 necrophages (Swamp:4)
  A mottled dragon (D:12)
  2 yellow wasps (D:10)
  12 swamp drakes
  15 ice beasts
  5 sky beasts
  6 black bears (Lair:8)
  43 orc warriors
  3 phantoms
  12 ogres
  2 giant goldfish (Swamp:5)
  4 centaurs
  9 crocodiles
  Duvessa (D:9)
  A spriggan simulacrum (IceCv)
  5 big kobolds
  2 wargs
  A brain worm (Lair:6)
  12 water moccasins
  Blork the orc (D:7)
  3 draconian simulacra (IceCv)
  7 giant slugs
  13 giant frogs
  5 agate snails
  A wyvern skeleton (D:11)
  16 insubstantial wisps
  A manticore skeleton (D:9)
  4 killer bees
  12 wights
  A troll zombie (D:10)
  7 jellies
  6 jellyfish (Swamp:3)
  A vampire bat (Lair:8)
  11 crimson imps
  13 hounds
  9 electric eels
  Dowan (D:9)
  2 centaur zombies (D:6)
  A quasit (D:8)
  24 orc priests
  21 big fish
  A goliath beetle (D:8)
  A giant frog skeleton (D:8)
  7 iguanas
  32 orc wizards
  A mermaid (Sewer)
  2 troll simulacra (IceCv)
  7 worker ants
  8 scorpions
  A sheep (Lair:6)
  A hound skeleton (D:11)
  A mummy (D:10)
  38 green rats
  24 adders
  3 giant centipedes
  11 gnolls
  3 ogre simulacra (IceCv)
  8 giant mites
  A lemure (Orc:1)
  A white imp (Orc:1)
  10 worms
  A naga simulacrum (IceCv)
  An ufetubus (Orc:1)
  8 grey rats
  2 iguana skeletons
  2 giant eyeballs (D:9)
  10 giant geckos
  5 oozes
  172 orcs
  7 ball pythons
  6 giant cockroaches
  18 hobgoblins
  41 jackals
  10 quokkas
  25 bats
  7 giant newts
  25 goblins
  A hobgoblin skeleton (D:9)
  A hobgoblin zombie (D:8)
  31 kobolds
  An orc simulacrum (Orc:2)
  3 orc skeletons
  A quokka skeleton (D:6)
  45 rats
  A rat skeleton (D:6)
  2 rat zombies
  19 fungi
  12 plants
1216 creatures vanquished.

Vanquished Creatures (others)
  A tengu reaver (Swamp:4)
  An air elemental (Swamp:4)
  A goblin skeleton (Orc:2)
  2 rats (Lair:6)
  2 fungi
  12 plants
19 creatures vanquished.

Grand Total: 1235 creatures vanquished

Notes
Turn   | Place    | Note
--------------------------------------------------------------
     0 | D:1      | Chiseanne, the Gargoyle Gladiator, began the quest for the Orb.
     0 | D:1      | Reached XP level 1. HP: 13/13 MP: 0/0
   255 | D:1      | Reached XP level 2. HP: 18/18 MP: 1/1
   387 | D:1      | Reached XP level 3. HP: 20/22 MP: 2/2
  1052 | D:2      | Reached skill level 1 in Armour
  1071 | D:2      | Reached XP level 4. HP: 17/28 MP: 3/3
  1701 | D:3      | Found a sparkling altar of Nemelex Xobeh.
  1866 | D:3      | Reached XP level 5. HP: 10/32 MP: 4/4
  2387 | D:3      | Noticed Malachi's ghost (average TrBe)
  2391 | D:3      | Found a glowing drain.
  2401 | D:3      | Reached skill level 4 in Dodging
  2412 | D:3      | Killed Malachi's ghost
  2412 | D:3      | Reached XP level 6. HP: 37/37 MP: 5/5
  2465 | Sewer    | Entered a sewer
  2651 | Sewer    | Reached skill level 5 in Dodging
  2714 | Sewer    | Reached XP level 7. HP: 38/41 MP: 6/6
  3083 | D:4      | Got a dazzling whip
  3090 | D:4      | Identified the +2,+1 whip of Cacw {slash, -Tele +Fly rC+ MR+} (You found it on level 4 of the Dungeon)
  3637 | D:5      | Entered Level 5 of the Dungeon
  3656 | D:5      | Found a bloodstained altar of Trog.
  3673 | D:5      | Reached skill level 1 in Maces & Flails
  3803 | D:5      | Reached XP level 8. HP: 36/48 MP: 7/7
  3930 | D:5      | Reached skill level 1 in Shields
  4257 | D:5      | Reached skill level 5 in Armour
  4514 | D:6      | Found a white marble altar of Elyvilon.
  4862 | D:6      | Reached skill level 5 in Fighting
  4887 | D:6      | Found Qigh's Magic Scroll Emporium.
  4891 | D:6      | Bought a scroll of recharging for 66 gold pieces
  4891 | D:6      | Bought a scroll of identify for 24 gold pieces
  4891 | D:6      | Bought a scroll of blinking for 66 gold pieces
  4891 | D:6      | Bought a scroll of remove curse for 36 gold pieces
  4891 | D:6      | Bought a scroll of teleportation for 36 gold pieces
  5703 | D:6      | Found a staircase to the Ecumenical Temple.
  5709 | Temple   | Entered the Ecumenical Temple
  5716 | Temple   | Became a worshipper of Warmaster Okawaru
  6486 | D:7      | Reached skill level 6 in Dodging
  6518 | D:7      | Reached XP level 9. HP: 46/52 MP: 8/8
  6525 | D:7      | Found a staircase to the Orcish Mines.
  7175 | D:7      | HP: 1/53 [orc warrior/orcish great mace (19)]
  7517 | D:8      | Reached skill level 5 in Shields
  7538 | D:8      | Reached skill level 5 in Maces & Flails
  8250 | D:7      | Noticed Blork the orc
  8253 | D:7      | Killed Blork the orc
  8872 | D:8      | Got a jewelled quarterstaff
  8894 | D:8      | Identified the cursed +6,+10 quarterstaff of Misery {antimagic, rN+ Int+4} (You found it on level 8 of the Dungeon)
  9024 | D:8      | Acquired Okawaru's first power
  9245 | D:8      | Reached skill level 7 in Armour
  9352 | D:8      | Reached XP level 10. HP: 44/59 MP: 3/10
  9509 | D:8      | Reached skill level 1 in Invocations
  9534 | D:8      | Reached skill level 5 in Staves
  9664 | D:9      | Noticed Dowan
  9667 | D:9      | Noticed Duvessa
  9797 | D:9      | Found a deep blue altar of Sif Muna.
  9808 | D:9      | Killed Duvessa
  9812 | D:9      | Killed Dowan
  9982 | D:9      | Paralysed by a giant eyeball for 3 turns
  9989 | D:9      | Paralysed by a giant eyeball for 3 turns
 10452 | D:9      | Identified Sif Muna's Almanac of Curses
 10482 | D:9      | Paralysed by a giant eyeball for 3 turns
 10615 | D:10     | Entered Level 10 of the Dungeon
 10615 | D:10     | Noticed a hill giant
 10701 | D:10     | Found Mneuz's Distillery.
 10711 | D:10     | Bought a potion of paralysis for 13 gold pieces
 10711 | D:10     | Bought a potion of invisibility for 71 gold pieces
 10711 | D:10     | Bought a potion of restore abilities for 39 gold pieces
 10711 | D:10     | Bought a potion of agility for 32 gold pieces
 10711 | D:10     | Bought 2 potions of might for 65 gold pieces
 10711 | D:10     | Bought a potion of curing for 26 gold pieces
 10729 | D:10     | Reached skill level 8 in Armour
 10753 | D:10     | Noticed Grum
 10772 | D:10     | Killed Grum
 10862 | D:10     | Killed a hill giant
 10862 | D:10     | Reached XP level 11. HP: 17/64 MP: 5/15
 11244 | D:10     | Noticed a hill giant
 11253 | D:10     | Killed a hill giant
 11506 | D:10     | Noticed Maurice
 11511 | D:10     | Killed Maurice
 11512 | D:10     | Noticed a hill giant
 11520 | D:10     | Killed a hill giant
 11542 | D:10     | Reached skill level 9 in Armour
 11725 | D:10     | Acquired Okawaru's second power
 11764 | D:10     | Noticed timbw's ghost (experienced MiBe)
 11781 | D:10     | Killed timbw's ghost
 11956 | D:10     | Found Qoru's Book Shoppe.
 12010 | D:10     | Found Shric's Antique Armour Shop.
 12021 | D:10     | Bought a shiny helmet for 65 gold pieces
 12302 | D:10     | Noticed a draconian
 12313 | D:10     | Killed a draconian
 12313 | D:10     | Received a gift from Okawaru
 12316 | D:10     | Got a faintly humming cloak {god gift}
 12318 | D:10     | Identified the +2 cloak of Ennacru {god gift, SInv} (Okawaru gifted it to you on level 10 of the Dungeon)
 12612 | D:11     | Found a portal to a secret trove of treasure.
 12729 | D:11     | Noticed Erica
 12748 | D:11     | Killed Erica
 12985 | D:11     | Noticed a four-headed hydra
 13008 | D:11     | Killed a hydra
 13113 | D:11     | Reached skill level 10 in Armour
 13125 | D:11     | Reached XP level 12. HP: 51/72 MP: 6/19
 13455 | D:12     | Reached skill level 10 in Staves
 13628 | D:12     | Reached skill level 5 in Invocations
 13781 | D:12     | Found a staircase to the Lair.
 14286 | Lair:1   | Entered Level 1 of the Lair of Beasts
 14479 | D:10     | Bought a pair of twisted boots for 169 gold pieces
 14482 | D:10     | Identified the +2 pair of boots of the Loofah {Dex+1} (You bought it in a shop on level 10 of the Dungeon)
 15573 | Lair:2   | Found a frozen archway.
 15593 | IceCv    | Entered an ice cave
 15842 | IceCv    | Reached skill level 11 in Staves
 16828 | Lair:2   | Noticed Fannar
 16848 | Lair:2   | Killed Fannar
 17262 | Lair:3   | Received a gift from Okawaru
 17265 | Lair:3   | Got a blackened ring mail {god gift}
 17268 | Lair:3   | Identified the +3 ring mail of Surprise {god gift, Str+5 Int+3} (Okawaru gifted it to you on level 3 of the Lair of Beasts)
 17351 | Lair:3   | Reached XP level 13. HP: 72/78 MP: 7/22
 17728 | Lair:3   | Identified a +0 rod of striking (9/9) (You found it on level 3 of the Lair of Beasts)
 18027 | Lair:3   | Reached skill level 12 in Staves
 18221 | Lair:4   | Found a hole to the Spider Nest.
 19018 | Lair:4   | Reached skill level 10 in Fighting
 19718 | Lair:5   | Found a staircase to the Swamp.
 21047 | Lair:6   | Found a staircase to the Slime Pits.
 21919 | Lair:7   | Got a brightly glowing glaive
 21920 | Lair:7   | Identified the +8,+5 glaive of Phuovadgh {freeze, rF+ Str+4} (You found it on level 7 of the Lair of Beasts)
 21956 | Lair:7   | Noticed 4tharraofdagon's ghost (powerful OgHu)
 21975 | Lair:7   | Killed 4tharraofdagon's ghost
 21993 | Lair:7   | Got a smoking ring mail
 21999 | Lair:7   | Identified the +4 ring mail of Beogh's Envy {Stlth++} (You found it on level 7 of the Lair of Beasts)
 22068 | Lair:7   | Reached skill level 1 in Polearms
 22499 | Lair:8   | Entered Level 8 of the Lair of Beasts
 22738 | Lair:8   | Reached skill level 5 in Polearms
 23220 | Lair:8   | Received a gift from Okawaru
 23224 | Lair:8   | Gained mutation: Your wings are large and strong. [gargoyle growth]
 23224 | Lair:8   | Reached XP level 14. HP: 79/85 MP: 24/24
 23905 | Lair:8   | Gained mutation: You are agile. (Dex +2) [potion of beneficial mutation]
 24109 | Lair:8   | Reached skill level 10 in Polearms
 25266 | Orc:1    | Entered Level 1 of the Orcish Mines
 25488 | Orc:1    | Noticed Erolcha
 25498 | Orc:1    | Killed Erolcha
 25986 | Orc:1    | Found a bloodstained altar of Trog.
 25989 | Orc:1    | Noticed Eustachio
 26020 | Orc:1    | Killed Eustachio
 26164 | Orc:1    | Found Zosh's Weapon Emporium.
 26317 | Orc:2    | Noticed Josephine
 26335 | Orc:2    | Killed Josephine
 26962 | Orc:2    | Found a flagged portal.
 26975 | Bailey   | Entered a bailey
 27419 | Bailey   | Received a gift from Okawaru
 27430 | Bailey   | Reached skill level 10 in Dodging
 27531 | Orc:3    | Found a staircase to the Elven Halls.
 28018 | Orc:4    | Entered Level 4 of the Orcish Mines
 28018 | Orc:4    | Found Fiecohea's Antique Armour Boutique.
 28159 | Orc:4    | Noticed Nergalle
 28175 | Orc:4    | Killed Nergalle
 28622 | Orc:4    | Noticed Saint Roka
 29717 | Orc:4    | Killed Saint Roka
 29993 | Orc:4    | Paralysed by a hobgoblin for 7 turns
 30031 | Orc:4    | Found a roughly hewn altar of Beogh.
 30038 | Orc:4    | Found Woffab's General Store.
 30095 | Orc:4    | Bought a scroll of teleportation for 30 gold pieces
 30095 | Orc:4    | Bought a meat ration for 40 gold pieces
 30095 | Orc:4    | Bought an apple for 8 gold pieces
 30095 | Orc:4    | Bought a scroll of identify for 20 gold pieces
 30107 | Orc:4    | Found Smexup's Antique Weapon Boutique.
 30113 | Orc:4    | Bought an encrusted lajatang for 750 gold pieces
 30113 | Orc:4    | Bought a pitted war axe for 270 gold pieces
 30115 | Orc:4    | Identified the cursed +3,+0 lajatang "Faari" {slice, rN+} (You bought it in a shop on level 4 of the Orcish Mines)
 30117 | Orc:4    | Identified the cursed +8,-2 war axe of Sequestration {chop, rC+ Str+2} (You bought it in a shop on level 4 of the Orcish Mines)
 30317 | Orc:4    | Found Sepleg's Antique Armour Boutique.
 30323 | Orc:4    | Bought a citrine-studded ring mail for 279 gold pieces
 30323 | Orc:4    | Bought a fabulously ornate robe for 176 gold pieces
 30323 | Orc:4    | Bought a glowing helmet for 77 gold pieces
 30323 | Orc:4    | Bought a glowing elven large shield for 279 gold pieces
 30334 | Orc:4    | Found Kuadwoh's Book Boutique.
 30369 | Orc:4    | Found a roughly hewn altar of Beogh.
 30385 | Orc:4    | Reached XP level 15. HP: 92/92 MP: 26/26
 31468 | Swamp:1  | Entered Level 1 of the Swamp
 33884 | Swamp:2  | Received a gift from Okawaru
 34101 | Swamp:2  | HP: 4/93 [giant leech (14)]
 34693 | Swamp:3  | Got a faintly glowing buckler
 34847 | Swamp:3  | Identified the cursed -4 buckler of the Clam {Dex+3 SInv Curse} (You found it on level 3 of the Swamp)
 34865 | Swamp:3  | Noticed Aizul
 34879 | Swamp:3  | Killed Aizul
 35211 | Swamp:3  | Gained mutation: You have sharp fingernails. [potion of mutation]
 35211 | Swamp:3  | Gained mutation: Your flesh is cold resistant. [potion of mutation]
 35211 | Swamp:3  | Gained mutation: You are frail (-10% HP). [potion of mutation]
 35266 | Swamp:4  | Noticed Kirke
 35340 | Swamp:3  | Killed Kirke
 35372 | Swamp:4  | Reached skill level 13 in Armour
 35579 | Swamp:4  | Reached XP level 16. HP: 48/90 MP: 28/28
 35943 | Swamp:4  | Received a gift from Okawaru
 36789 | Swamp:5  | Entered Level 5 of the Swamp
 36804 | Swamp:5  | Noticed Sojobo
 37504 | Swamp:5  | Killed Sojobo
 37504 | Swamp:5  | Received a gift from Okawaru
 37858 | Swamp:5  | Noticed Mennas
 37891 | Swamp:5  | HP: 2/90 [Mennas/blessed falchion of holy wrath (11)]
 37897 | Swamp:5  | Slain by Mennas

Action                   |  1- 3 |  4- 6 |  7- 9 | 10-12 | 13-15 | 16-18 || total
-------------------------+-------+-------+-------+-------+-------+-------++-------
Melee: Quarterstaff      |    70 |   228 |   156 |   987 |   518 |       ||  1959
       Whip              |       |       |   960 |       |       |       ||   960
       Short sword       |       |       |     4 |       |       |       ||     4
       Scimitar          |       |       |       |     8 |       |       ||     8
       Glaive            |       |       |       |       |  1313 |   282 ||  1595
 Fire: Blowgun           |       |       |       |     2 |       |       ||     2
Throw: Throwing net      |     6 |     3 |     5 |       |       |       ||    14
       Dart              |     4 |       |    39 |     5 |       |       ||    48
       Tomahawk          |       |       |       |    11 |     8 |       ||    19
       Javelin           |       |       |       |       |     2 |       ||     2
Invok: Heroism           |       |       |       |     8 |    28 |     4 ||    40
       Finesse           |       |       |       |       |     5 |     2 ||     7
 Abil: Fly               |       |       |       |       |     1 |       ||     1
Evoke: Wand              |       |       |    20 |    34 |    30 |     4 ||    88
       Miscellaneous     |       |       |       |     1 |       |       ||     1
  Use: Scroll            |     5 |     5 |    14 |    11 |    22 |       ||    57
       Potion            |     4 |     3 |    13 |    13 |    15 |     3 ||    51
 Stab: Held in net/web   |       |       |     2 |       |       |       ||     2
       Invisible         |       |       |       |     1 |       |       ||     1
       Sleeping          |       |       |       |       |     2 |       ||     2
       Distracted        |       |       |       |       |     1 |       ||     1
       Fleeing           |       |       |       |       |     1 |       ||     1
